 Dungeon Crawl Stone Soup version 0.16-a0-296-gbdb9f68 (webtiles) character file.

65 Kashira the Sneak (level 4, -4/36 HPs)
             Began as a Naga Enchanter on Aug 29, 2014.
             Slain by a gnoll
             ... wielding a +0 spear
              (9 damage)
             ... on Level 3 of the Dungeon.
             The game lasted 00:11:23 (1861 turns).

Kashira the Sneak (Naga Enchanter)                  Turns: 1861, Time: 00:11:24

HP  -4/36        AC  6     Str 10      XL: 4   Next: 13%
MP   2/8         EV 10     Int 16      God:
Gold 69          SH  0     Dex 12      Spells:  3 memorised,  3 levels left

rFire  . . .     SeeInvis +     a - +1 dagger
rCold  . . .     Clarity  .     b - +1 robe
rNeg   . . .     rCorr    .     (no shield)
rPois  +         rRot     .     (no helmet)
rElec  .         Spirit   .     i - +0 cloak
SustAb .         Warding  .     m - +1 pair of gloves
rMut   .         Stasis   .     (no barding)
Gourm  .                        (no amulet)
MR     .....                    (no ring)
                                (no ring)

@: very slightly contaminated, very slow, not resistant to hostile enchantments,
fairly stealthy
A: spit poison, see invisible, deformed body, poison resistance, slowness 2, AC
+1
a: Spit Poison


You were on level 3 of the Dungeon.
You were hungry.

You visited 1 branch of the dungeon, and saw 3 of its levels.

You collected 69 gold pieces.

Inventory:

Hand weapons
 a - a +1 dagger (weapon)
 f - a +0 hunting sling
Missiles
 j - 8 sling bullets of flame
 n - 18 arrows
Armour
 b - a +1 robe (worn)
 i - a +0 cloak (worn)
 m - a +1 pair of gloves (worn)
Comestibles
 d - 3 bread rations
 h - a beef jerky
 s - 2 chunks of worm flesh
 t - a meat ration
 u - a chunk of adder flesh
Scrolls
 e - 4 scrolls of remove curse
 o - a scroll of immolation {unknown}
 q - a scroll of fear {unknown}
 r - 3 scrolls of teleportation {unknown}
Jewellery
 g - an uncursed ring of fire
Books
 c - a book of Maledictions

   Spells                             Type                      Level
   *Corona                            Hexes                        1
   *Sure Blade                        Hexes/Charms                 2
   *Ensorcelled Hibernation           Hexes/Ice                    2
   Confuse                            Hexes                        3
   Dazzling Spray                     Conjuration/Hexes            3
   Enslavement                        Hexes                        4


   Skills:
 + Level 0.2 Fighting
 + Level 1.2 Short Blades
 + Level 0.5 Slings
 + Level 1.9 Dodging
 + Level 4.9 Stealth
 + Level 2.7 Spellcasting
 + Level 3.4 Hexes
 + Level 0.4 Charms


You had 3 spell levels left.
You knew the following spells:

 Your Spells              Type           Power        Failure   Level  Hunger
a - Corona                Hex            ##.....      6%          1    #......
b - Ensorcelled Hibernat  Hex/Ice        #.....       17%         2    ##.....
c - Sure Blade            Hex/Chrm       #.........   14%         2    ##.....


Dungeon Overview and Level Annotations

Branches:
Dungeon (3/15)

Altars:


Innate Abilities, Weirdness & Mutations

You cannot wear boots.
You can spit poison.
Your serpentine skin is tough (AC +1).
You have supernaturally acute eyesight.
Armour fits poorly on your strangely shaped body.
Your system is resistant to poisons.
You cover ground very slowly.


Message History

The gnoll hits you from afar with a spear.
* * * LOW HITPOINT WARNING * * *
Casting: Ensorcelled Hibernation
Confirm with . or Enter, or press ? or * to list all spells.
You don't have enough magic to cast that spell.
Unknown command.
Casting: Ensorcelled Hibernation
Confirm with . or Enter, or press ? or * to list all spells.
You don't have enough magic to cast that spell.
A bat comes into view.
The gnoll hits you from afar with a spear.
* * * LOW HITPOINT WARNING * * *
Found a stone staircase leading up.
Read which item? (? for menu, Esc to quit)
As you read the scroll labeled DUPAASM UZOHEE, it crumbles to dust.
It is a scroll of identify.
Identify which item? (\ to view known items) (? for menu, Esc to quit)
g - an uncursed ring of fire The gnoll hits you from afar with a spear!
You die...

... .o #.###.# ..... .
##..# ... #...#### <...
#.#....#### .......
####....##
#.b....#########..##
##...@.gg..###..### K
#########.# ##...####
.(.#### ###g..# #.......
.....g.g#######g§§###
#....... ###(.##§g§§g###
#.......
#....g.§############.......
#.###......................
#. #.....##########....[..
#. ##....# #.......


You could see 2 gnolls and a bat.

Vanquished Creatures
  2 adders
  A worm (D:3)
  A ball python (D:2)
  7 bats
  3 giant cockroaches
  2 hobgoblins
  6 jackals
  6 kobolds
  3 giant newts
  4 goblins (D:1)
  7 rats
42 creatures vanquished.

Notes
Turn   | Place    | Note
--------------------------------------------------------------
     0 | D:1      | Kashira, the Naga Enchanter, began the quest for the Orb.
     0 | D:1      | Reached XP level 1. HP: 15/15 MP: 3/3
   213 | D:1      | Reached XP level 2. HP: 22/22 MP: 1/4
   217 | D:1      | Learned a level 2 spell: Ensorcelled Hibernation
   220 | D:1      | Learned a level 2 spell: Sure Blade
   934 | D:2      | Reached XP level 3. HP: 28/28 MP: 6/6
  1820 | D:3      | Reached XP level 4. HP: 36/36 MP: 4/8
  1861 | D:3      | Slain by a gnoll

Action                   |  1- 3 |  4- 6 || total
-------------------------+-------+-------++-------
Melee: Dagger            |    99 |     5 ||   104
 Fire: Hunting sling     |    41 |     2 ||    43
 Cast: Corona            |    40 |     1 ||    41
       Sure Blade        |     6 |     1 ||     7
       Ensorcelled Hiber |     3 |     1 ||     4
  Use: Scroll            |     2 |     3 ||     5
 Stab: Sleeping          |     3 |       ||     3
  Eat: Chunk             |     4 |       ||     4
